 Dungeon Crawl Stone Soup version 0.30-a0-930-gb9d0489357 (webtiles) character file.

Game seed: 4010945860366512212

509 jimonade the Chopper (level 7, -7/62 HPs)
             Began as a Hill Orc Fighter on Mar 23, 2023.
             Mangled by a troll (11 damage)
             ... on level 5 of the Dungeon.
             The game lasted 00:06:39 (2750 turns).

jimonade the Chopper (Hill Orc Fighter)             Turns: 2750, Time: 00:06:40

Health: -7/62      AC: 14    Str: 19    XL:     7   Next: 19%
Magic:  7/7        EV:  9    Int: 10    God:
Gold:   101        SH:  0    Dex: 10    Spells: 6/6 levels left

rFire   + . .      SeeInvis .    a - +0 war axe
rCold   . . .      Faith    .    m - orb {light}
rNeg    . . .      Spirit   .    u - +1 scale mail {rF+}
rPois   .          Reflect  .    E - +0 helmet
rElec   .          Rampage  .    p - +0 cloak
rCorr   .                        v - +0 pair of gloves
Will    .....                    i - +1 pair of boots Stlth
                                 (no amulet)
HPRegen 0.30/turn                (no ring)
MPRegen 0.10/turn                (no ring)

@: glowing
A: no striking features
a: no special abilities


You were on level 5 of the Dungeon.
You visited 1 branch of the dungeon, and saw 5 of its levels.

You collected 183 gold pieces.
You spent 82 gold pieces at shops.

Inventory:

Hand Weapons
 a - a +0 war axe (weapon)
 b - a +5 arbalest
 z - a +1 flail of protection
Missiles
 k - a poisoned dart (quivered)
 B - 2 atropa-tipped darts
Armour
 c - a +0 buckler
 i - a +1 pair of boots (worn)
 m - an orb of light (worn)
 o - a +1 leather armour of fire resistance
 p - a +0 cloak (worn)
 r - a +0 ring mail
 u - a +1 scale mail of fire resistance (worn)
 v - a +0 pair of gloves (worn)
 E - a +0 helmet (worn)
Wands
 C - a wand of polymorph (11)
Scrolls
 e - a scroll of vulnerability {unknown}
 g - 2 scrolls of enchant armour {unknown}
 j - 2 scrolls of amnesia {unknown}
 q - 2 scrolls of fog {unknown}
 s - 2 scrolls of identify
 x - a scroll of silence {unknown}
 y - a scroll of enchant weapon
 A - a scroll of teleportation {unknown}
Potions
 d - 2 potions of might
 f - a potion of haste
 h - 4 potions of ambrosia
 l - a potion of lignification {unknown}
 n - 3 potions of curing {unknown}
 t - a potion of resistance {unknown}
 w - a potion of cancellation {unknown}
 D - a potion of brilliance {unknown}


   Skills:
 + Level 5.8 Fighting
 + Level 7.3 Axes
 + Level 0.8 Throwing
 + Level 4.4 Armour
 + Level 0.5 Dodging
 + Level 3.5 Shields


You had 6 spell levels left.
You didn't know any spells.
Your spell library contained the following spells:

 Spells                   Type           Power      Damage    Failure   Level
 Necrotise                Necr           0%         1d4       73%         1
 Sandblast                Erth           0%         2d4       73%         1
 Passwall                 Tmut/Erth      0%         N/A       86%         2
 Stone Arrow              Conj/Erth      0%         3d7       97%         3
 Vampiric Draining        Necr           0%         2d6       97%         3
 Agony                    Necr           0%         N/A       100%        5


Dungeon Overview and Level Annotations

Branches:
Dungeon (5/15)             Temple (0/1) D:4

Altars:
Elyvilon
Makhleb
Uskayaw

Shops:
D:3 *

Annotations:
D:5 Menkaure


Message History

You climb upwards.
There is a stone staircase leading down here.
There is a stone staircase leading down here.
You climb downwards.
Level annotation: Menkaure
Found a helmet.
There is a stone staircase leading up here.
A troll comes into view.
The troll shouts!
You see here a +0 helmet.
E - a +0 helmet
There is a stone staircase leading up here.
You climb upwards.
There is a stone staircase leading down here.
You start putting on your armour.
You continue putting on your +0 helmet. x4
You finish putting on your +0 helmet.
You climb downwards.
Level annotation: Menkaure The troll bites you!
The troll claws you. The troll claws you! The troll barely misses you.
The troll claws you. The troll claws you!
There is a stone staircase leading up, spattered with blood here.
You hit the troll.
The troll is lightly wounded.
The troll closely misses you. The troll claws you but does no damage.
The troll misses you.
You hit the troll.
The troll is moderately wounded.
The troll bites you! The troll barely misses you. The troll claws you!
* * * LOW HITPOINT WARNING * * *
You slash the troll!
The troll is severely wounded.
The troll completely misses you. The troll claws you but does no damage.
The troll claws you.
* * * LOW HITPOINT WARNING * * *
You hit the troll.
The troll is severely wounded.
The troll bites you!
* * * LOW HITPOINT WARNING * * *
The troll claws you!
You die...

########..
#@T.......
#####.....
... .


You could see a troll.

Vanquished Creatures
  Edmund (D:4)
  An ogre (D:4)
  A scorpion (D:4)
  2 hounds (D:4)
  Natasha (thrice) (D:4)
  4 adders
  5 dart slugs
  2 orcs (D:4)
  5 bats
  4 endoplasms
  A giant cockroach (D:1)
  8 goblins
  7 hobgoblins
  2 jackals (D:2)
  4 quokkas
  5 ball pythons
  4 frilled lizards
  6 kobolds
  9 rats
74 creatures vanquished.

Vanquished Creatures (others)
  A plant (D:4)
1 creature vanquished.

Grand Total: 75 creatures vanquished

Notes
Turn   | Place    | Note
-------+----------+-------------------------------------------
     0 | D:1      | jimonade the Hill Orc Fighter began the quest for the Orb.
     0 | D:1      | Reached XP level 1. HP: 19/19 MP: 1/1
   228 | D:1      | Reached XP level 2. HP: 25/27 MP: 2/2
   345 | D:1      | Reached skill level 3 in Axes
   420 | D:1      | Reached XP level 3. HP: 33/33 MP: 3/3
   736 | D:2      | Found a faded altar of an unknown god.
   944 | D:2      | Reached XP level 4. HP: 41/41 MP: 4/4
  1171 | D:2      | Reached skill level 4 in Axes
  1369 | D:3      | Found a hide-covered altar of Uskayaw.
  1723 | D:3      | Found Jasku's General Store.
  1733 | D:3      | Bought a scroll of enchant weapon for 82 gold pieces
  1804 | D:4      | Noticed Natasha
  1814 | D:4      | Killed Natasha
  1815 | D:4      | Reached skill level 5 in Fighting
  1815 | D:4      | Reached XP level 5. HP: 48/48 MP: 5/5
  1833 | D:4      | Noticed Natasha
  1841 | D:4      | Killed Natasha
  1842 | D:4      | Reached skill level 5 in Axes
  1877 | D:4      | Reached XP level 6. HP: 56/56 MP: 6/6
  1962 | D:4      | Noticed Edmund
  2008 | D:4      | Killed Edmund
  2009 | D:4      | Reached skill level 6 in Axes
  2094 | D:4      | Found a staircase to the Ecumenical Temple.
  2100 | D:4      | Noticed Natasha
  2110 | D:4      | Killed Natasha
  2198 | D:4      | Reached skill level 7 in Axes
  2198 | D:4      | Reached XP level 7. HP: 62/62 MP: 7/7
  2296 | D:4      | Found a white marble altar of Elyvilon.
  2645 | D:5      | Entered Level 5 of the Dungeon
  2683 | D:5      | Found a burning altar of Makhleb.
  2689 | D:5      | Noticed Menkaure
  2735 | D:5      | Noticed a troll
  2750 | D:5      | Mangled by a troll

Illustrated notes

Levels and vault maps discovered:
D:1:      psy_arrival_basics, layout_basic, minmay_misc_feat_chi,
          amcnicky_mini_pool_small
D:2:      layout_rooms, basic_ecumenical_altar, grunt_ministairs_6
D:3:      layout_rooms, eat_drink_and_be_merry_uskayaw, serial_shops,
          nicolae_lakefront_shop
D:4:      layout_loops_cross, mainiacjoe_overflow_concentric_impassable,
          minmay_temple_entry_statues_pillars, serial_bayou_ford_a,
          minivault_19, uniq_edmund, uniq_natasha
D:5:      layout_basic, mainiacjoe_overflow_surrounded_room, old_standard_altar,
          grunt_dithmenos_smoke_and_mirrors, mainiacjoe_overflow_cross_hatched,
          minmay_misc_feat_square, uniq_menkaure

Skill      XL: |  1  2  3  4  5  6 |
---------------+-------------------+-----
Axes           | 3 4 5 7 |  7.3
Fighting       | 4 5 |  5.8
Armour         | 4 |  4.4
Throwing       | |  0.8
Dodging        | |  0.5
Shields        | |  3.5

Action                     |  1- 3 |  4- 6 |  7- 9 || total
---------------------------+-------+-------+-------++-------
  Melee: War axe           |    83 |   105 |    16 ||   204
  Throw: Dart              |       |     2 |       ||     2
    Use: Scroll            |       |     3 |       ||     3
 Armour: Scale mail        |    37 |    55 |    10 ||   102
  Dodge: Dodged            |    41 |    50 |     8 ||    99
  Block: Buckler           |    11 |       |       ||    11

Table legend: (Time is in decaauts)
 A = Elapsed time spent in this place.
 B = Non-inter-level travel time spent in this place.
 C = Inter-level travel time spent in this place.
 D = Time resting spent in this place.
 E = Time spent auto-exploring this place.
 F = Levels seen in this place.
 G = Mean time per level.
                   A        B        C        D        E       F      G
               +--------+--------+--------+--------+--------+-----+--------+
         Total |   2832 |   2763 |     69 |      0 |   1979 |   5 |  566.4 |
       Dungeon |   2832 |   2763 |     69 |      0 |   1979 |   5 |  566.4 |
               +--------+--------+--------+--------+--------+-----+--------+

Top non-repeatable levels by time:
     D:4: 931 daAuts
     D:1: 710 daAuts
     D:3: 559 daAuts
     D:2: 549 daAuts
     D:5: 81 daAuts
